 Dungeon Crawl Stone Soup version 0.30-a0-643-g638baaf3f0 (webtiles) character file.

Game seed: 5944296642367102902

104 Morbidden the Digger (level 4, -2/40 HPs)
             Began as a Troll Earth Elementalist on Jan 16, 2023.
             Slain by an orc
             ... wielding a +2 whip of electrocution
              (13 damage)
             ... on level 3 of the Dungeon.
             The game lasted 00:02:28 (1328 turns).

Morbidden the Digger (Troll Earth Elementalist)     Turns: 1328, Time: 00:02:28

Health: -2/40      AC:  4    Str: 16    XL:     4   Next: 52%
Magic:  5/5        EV:  9    Int: 13    God:
Gold:   103        SH:  0    Dex: 10    Spells: 2/6 levels left

rFire   . . .      SeeInvis .      - Unarmed
rCold   . . .      Faith    .    (no shield)
rNeg    . . .      Spirit   .    a - +0 robe
rPois   .          Reflect  .    (helmet restricted)
rElec   .          Harm     .    (no cloak)
rCorr   .          Rampage  .    (gloves unavailable)
Will    .....                    (boots unavailable)
Stlth   +                        (no amulet)
HPRegen 1.06/turn                (no ring)
MPRegen 0.09/turn                (no ring)

@: no status effects
A: large, unfitting armour, claws 3, regeneration 1, shaggy fur 1, tough skin 1
a: no special abilities


You were on level 3 of the Dungeon.
You visited 1 branch of the dungeon, and saw 3 of its levels.

You collected 103 gold pieces.

Inventory:

Armour
 a - a +0 robe (worn)
Wands
 f - a wand of roots (6)
Scrolls
 c - a scroll of poison {unknown}
 d - a scroll of identify {unknown}
 h - a scroll of fog {unknown}
 j - a scroll of immolation {unknown}
Potions
 b - a potion of magic
 e - a potion of curing
 g - a potion of heal wounds {unknown}
 i - a potion of mutation {unknown}


   Skills:
 * Level 0.8 Fighting
 * Level 1.1 Armour
 * Level 1.7 Dodging
 + Level 1.0 Stealth
 * Level 1.0 Unarmed Combat
 * Level 1.5 Spellcasting
 * Level 0.1 Conjurations
 * Level 0.8 Transmutations
 * Level 3.7 Earth Magic


You had 2 spell levels left.
You knew the following spells:

 Your Spells              Type           Power      Damage    Failure   Level
a - Sandblast             Erth           20%        2d7       6%          1
b - Stone Arrow           Conj/Erth      12%        3d7       36%         3

Your spell library contained the following spells:

 Spells                   Type           Power      Damage    Failure   Level
 Passwall                 Tmut/Erth      5%         N/A       16%         2
 Apportation              Tloc           0%         N/A       26%         1
 Necrotise                Necr           0%         1d4       26%         1
 Summon Small Mammal      Summ           0%         N/A       26%         1
 Petrify                  Tmut/Erth      6%         N/A       71%         4


Dungeon Overview and Level Annotations

Branches:
Dungeon (3/15)

Altars:

Annotations:
D:2 Sigmund


Innate Abilities, Weirdness & Mutations

You are too large for most types of armour.
You have claws for hands.
Your natural rate of healing is unusually fast.
You are covered in fur. (AC +1)
You have tough skin. (AC +1)


Message History

* * * LOW HITPOINT WARNING * * *
You are too injured to fight recklessly!
You are too injured to fight recklessly!
You are too injured to fight recklessly!
You are too injured to fight recklessly!
You are too injured to fight recklessly!
You are too injured to fight recklessly!
You are too injured to fight recklessly!
You are too injured to fight recklessly!
You are too injured to fight recklessly!
You are too injured to fight recklessly!
You are too injured to fight recklessly!
You are too injured to fight recklessly!
You are too injured to fight recklessly!
You are too injured to fight recklessly!
You are too injured to fight recklessly!
You are too injured to fight recklessly!
You are too injured to fight recklessly!
You are too injured to fight recklessly!
You are too injured to fight recklessly!
You are too injured to fight recklessly!
You are too injured to fight recklessly!
You are too injured to fight recklessly!
You are too injured to fight recklessly!
You are too injured to fight recklessly!
You are too injured to fight recklessly!
You are too injured to fight recklessly!
Unknown command.
You are too injured to fight recklessly!
Unknown command.
You are too injured to fight recklessly!
Unknown command.
You are too injured to fight recklessly!
Unknown command.
You closely miss the orc.
The orc is moderately wounded.
The orc hits you with a +2 whip of electrocution.
* * * LOW HITPOINT WARNING * * *
You are electrocuted!
You die... ### #.# #.# #<# #@# #o####### #oo.o.oo.

#............
#.###.#######
#.# #.# #.#
#.#


You could see 3 orcs.

Vanquished Creatures
  Terence (D:2)
  An orc wizard (D:3)
  A worm (D:2)
  A dart slug (D:2)
  An orc (D:3)
  4 ball pythons (D:1)
  5 endoplasms
  4 giant cockroaches
  4 goblins
  2 jackals
  5 quokkas
  5 bats
  A frilled lizard (D:2)
  7 kobolds
42 creatures vanquished.

Notes
Turn   | Place    | Note
-------+----------+-------------------------------------------
     0 | D:1      | Morbidden the Troll Earth Elementalist began the quest for
                  | the Orb.
     0 | D:1      | Reached XP level 1. HP: 16/16 MP: 1/1
   138 | D:1      | Reached skill level 3 in Earth Magic
   152 | D:1      | Reached XP level 2. HP: 26/26 MP: 2/2
   882 | D:1      | Reached XP level 3. HP: 32/32 MP: 3/3
  1012 | D:2      | Learned a level 3 spell: Stone Arrow
  1188 | D:2      | Noticed Terence
  1202 | D:2      | Killed Terence
  1203 | D:2      | Reached skill level 1 in Armour
  1203 | D:2      | Reached XP level 4. HP: 15/40 MP: 1/5
  1286 | D:2      | Noticed Sigmund
  1327 | D:3      | Reached skill level 1 in Unarmed Combat
  1328 | D:3      | Slain by an orc

Illustrated notes

Levels and vault maps discovered:
D:1:      dpeg_arrival_houses_and_road, layout_loops_ring
D:2:      kennysheep_the_goblin_king, layout_rooms, basic_altar, uniq_sigmund,
          uniq_terence
D:3:      layout_basic

Skill      XL: |  1  2  3  4 |
---------------+-------------+-----
Earth Magic    | 3 |  3.7
Armour         | 1 |  1.1
Unarmed Combat | 1 |  1.0
Fighting       | |  0.8
Dodging        | |  1.7
Stealth        | |  1.0
Spellcasting   | |  1.5
Conjurations   | |  0.1
Transmutations | |  0.8

Action                   |  1- 3 |  4- 6 || total
-------------------------+-------+-------++-------
Melee: Unarmed           |    88 |    15 ||   103
 Cast: Sandblast         |    34 |       ||    34
  Use: Potion            |     1 |       ||     1
 Stab: Sleeping          |     1 |       ||     1
Armor: Robe              |    49 |     1 ||    50
Dodge: Dodged            |    68 |     4 ||    72

Table legend: (Time is in decaauts)
 A = Elapsed time spent in this place.
 B = Non-inter-level travel time spent in this place.
 C = Inter-level travel time spent in this place.
 D = Time resting spent in this place.
 E = Time spent auto-exploring this place.
 F = Levels seen in this place.
 G = Mean time per level.
                   A        B        C        D        E       F      G
               +--------+--------+--------+--------+--------+-----+--------+
         Total |   1325 |   1285 |     40 |      0 |    951 |   3 |  441.7 |
       Dungeon |   1325 |   1285 |     40 |      0 |    951 |   3 |  441.7 |
               +--------+--------+--------+--------+--------+-----+--------+

Top non-repeatable levels by time:
     D:1: 990 daAuts
     D:2: 315 daAuts
     D:3: 19 daAuts
